[Event "Early-Titled-Tuesday-Blitz-August-29-2023"]
[Site "Chess.com"]
[Date "2023.08.29"]
[Round "1"]
[White "snowlord"]
[Black "stasOR4ik"]
[Result "1-0"]
[WhiteElo "2906"]
[BlackElo "2482"]
[TimeControl "180+1"]
[EndTime "8:01:47 PDT"]
[Termination "snowlord won by resignation"]

1. Nf3 d5 2. g3 c5 3. Bg2 Nc6 4. d4 Nf6 5. O-O cxd4 6. Nxd4 e5 7. Nxc6 bxc6 8. c4 Be6 9. Nc3 Be7 10. Bg5 d4 11.
Bxf6 Bxf6 12. Bxc6+ Bd7 13. Bxa8 Qxa8 14. Nd5 O-O 15. e3 dxe3 16. Nxf6+ gxf6 17. Qxd7 e2 18. Rfe1 1-0

[Event "Early-Titled-Tuesday-Blitz-August-29-2023"]
[Site "Chess.com"]
[Date "2023.08.29"]
[Round "1"]
[White "betta2004"]
[Black "fireheart92"]
[Result "0-1"]
[WhiteElo "2510"]
[BlackElo "2974"]
[TimeControl "180+1"]
[EndTime "8:02:20 PDT"]
[Termination "fireheart92 won by resignation"]

1. e4 e5 2. Nf3 Nc6 3. c3 d5 4.
Qa4 Bd7 5. exd5 Nd4 6. Qd1 Nxf3+ 7.
Qxf3 Bd6 8. Bc4 f5 9. d3 Nf6 10.
O-O O-O 11. Nd2 b5 12. Bb3 Kh8 13. a4 e4 14. dxe4 fxe4 15. Nxe4 Ng4 16. Qd3 Bxh2+ 17. Kh1 Qh4 18. Qh3 Nxf2+ 19. Nxf2 Bxh3 0-1

[Event "Early-Titled-Tuesday-Blitz-August-29-2023"]
[Site "Chess.com"]
[Date "2023.08.29"]
[Round "1"]
[White "sorch29"]
[Black "Vanina1989"]
[Result "0-1"]
[WhiteElo "2365"]
[BlackElo "2685"]
[TimeControl "180+1"]
[EndTime "8:02:32 PDT"]
[Termination "Vanina1989 won by resignation"]

1. c4 c6 2. d4 d5 3. Nf3 Nf6 4.
e3 Bf5 5. Nc3 e6 6. Nh4 Bg6 7.
Qb3 Qb6 8. Nxg6 hxg6 9. c5 Qc7 10. f4 Nbd7 11. Qa4 b6 12. b4 Be7 13. Bd3 O-O 14. O-O a5 15. cxb6 Nxb6 16. Qb3 axb4 17.
Ne2 c5 18. dxc5 Bxc5 19. Bd2 Nc4 20. Rfe1 Nxd2 0-1

[Event "Early-Titled-Tuesday-Blitz-August-29-2023"]
[Site "Chess.com"]
[Date "2023.08.29"]
[Round "1"]
[White "Shivananda1964"]
[Black "alexrustemov"]
[Result "0-1"]
[WhiteElo "2452"]
[BlackElo "2864"]
[TimeControl "180+1"]
[EndTime "8:02:36 PDT"]
[Termination "alexrustemov won by resignation"]

1. e4 e6 2. d4 d5 3. Nd2 dxe4 4. Nxe4 Bd7 5. g3 Bc6 6. Bg2 f5 7. Bg5 Be7 8. Bxe7 Qxe7 9. f3 fxe4 10. fxe4 Nf6 11.
Qd3 Qb4+ 12. c3 Qxb2 0-1

[Event "Early-Titled-Tuesday-Blitz-August-29-2023"]
[Site "Chess.com"]
[Date "2023.08.29"]
[Round "1"]
[White "CFalcons8"]
[Black "ArtemDyachuk"]
[Result "0-1"]
[WhiteElo "2204"]
[BlackElo "2581"]
[TimeControl "180+1"]
[EndTime "8:02:40 PDT"]
[Termination "ArtemDyachuk won by resignation"]

1. e4 c5 2. d4 cxd4 3. Nf3 d6 4. Nxd4 Nf6 5. Nc3 Nc6 6. Bg5 e6 7. f4 a6 8. Nb3 Bd7 9. Qf3 Qc7 10. Bd3 Be7 11.
g4 h6 12. Bh4 g5 13. fxg5 Ne5 14. Qg3 Nfxg4 15. gxh6 Bxh4 16. Qxh4 Nf3+ 0-1

[Event "Early-Titled-Tuesday-Blitz-August-29-2023"]
[Site "Chess.com"]
[Date "2023.08.29"]
[Round "1"]
[White "jcreyes69"]
[Black "albi1999"]
[Result "1-0"]
[WhiteElo "2389"]
[BlackElo "2662"]
[TimeControl "180+1"]
[EndTime "8:02:51 PDT"]
[Termination "jcreyes69 won by resignation"]

1. e4 e5 2. Nf3 Nc6 3. Bb5 Nge7 4. Nc3 a6 5. Bc4 b5 6. Bb3 h6 7. O-O d6 8. d4 Bg4 9. dxe5 Nxe5 10. Nxe5 dxe5 11.
Qxg4 Nc6 12. Be3 h5 13. Qf3 1-0

[Event "Early-Titled-Tuesday-Blitz-August-29-2023"]
[Site "Chess.com"]
[Date "2023.08.29"]
[Round "1"]
[White "zimmm36"]
[Black "Gauravthegm"]
[Result "1-0"]
[WhiteElo "2718"]
[BlackElo "2399"]
[TimeControl "180+1"]
[EndTime "8:03:11 PDT"]
[Termination "zimmm36 won by checkmate"]

1. c4 c5 2. Nc3 Nc6 3. Nf3 g6 4.
e3 Bg7 5. d4 d6 6. d5 Ne5 7.
Nxe5 Bxe5 8. e4 Bg7 9. Bd3 e5 10. O-O Nf6 11. Rb1 O-O 12. b4 cxb4 13. Rxb4 Nd7 14. Na4 Nc5 15. Nxc5 dxc5 16. Rb3 b6 17.
Bc2 Bd7 18. Rg3 Kh8 19. Bg5 f6 20. Bd2 f5 21. exf5 gxf5 22. f4 e4 23. Rxg7 Kxg7 24.
Bc3+ Kg8 25. Qh5 Qe8 26. Qh4 Qg6 27. Re1 Rae8 28. Re3 Kf7 29. Rg3 e3 30. Rxg6 hxg6 31. Qf6+ Kg8 32. Qg7# 1-0

[Event "Early-Titled-Tuesday-Blitz-August-29-2023"]
[Site "Chess.com"]
[Date "2023.08.29"]
[Round "1"]
[White "gm_rashid"]
[Black "Forge13"]
[Result "0-1"]
[WhiteElo "2375"]
[BlackElo "2688"]
[TimeControl "180+1"]
[EndTime "8:03:17 PDT"]
[Termination "Forge13 won by resignation"]

1. e4 e6 2. d4 d5 3. Nc3 Nf6 4. e5 Nfd7 5. f4 c5 6. Nf3 Nc6 7. Be3 a6 8. Qd2 Qb6 9. Na4 Qb4 10.
Nxc5 Qxb2 11. Nb3 Bb4 12. Bd3 Bxd2+ 13. Kxd2 Qa3 14. g4 Nb6 15. f5 Nc4+ 16. Bxc4 dxc4 17. Nc5 O-O 18. f6 Rd8 19. c3 Qb2+ 0-1

[Event "Early-Titled-Tuesday-Blitz-August-29-2023"]
[Site "Chess.com"]
[Date "2023.08.29"]
[Round "1"]
[White "Macron20hTF1"]
[Black "reniite"]
[Result "1-0"]
[WhiteElo "2621"]
[BlackElo "2288"]
[TimeControl "180+1"]
[EndTime "8:03:18 PDT"]
[Termination "Macron20hTF1 won by resignation"]

1. Nf3 d5 2. e3 e6 3. c4 Nf6 4. Nc3 c6 5. b3 Be7 6. Bb2 O-O 7. d4 b6 8. Be2 Bb7 9. O-O c5 10. cxd5 exd5 11. Rc1 Nbd7 12. Ne5 Nxe5 13. dxe5 Ne4 14. Nxe4 dxe4 15. Bc4 Qxd1 16. Rfxd1 Rad8 17. e6 f5 18.
Rd7 Rxd7 19. exd7+ Kh8 20. Rd1 Rd8 21. Be5 Bc6 22. Be6 Rf8 23. Bxf5 Bd8 24. g4 h6 25. Rd6 Bb7 26. Rxh6+ Kg8 27. Be6+ 1-0

[Event "Early-Titled-Tuesday-Blitz-August-29-2023"]
[Site "Chess.com"]
[Date "2023.08.29"]
[Round "1"]
[White "mishanick"]
[Black "Maus7"]
[Result "1-0"]
[WhiteElo "3127"]
[BlackElo "2532"]
[TimeControl "180+1"]
[EndTime "8:03:21 PDT"]
[Termination "mishanick won by resignation"]

1. d4 Nf6 2. c4 e6 3. Nc3 Bb4 4. Nf3 d5 5. Qa4+ Nc6 6. Bd2 O-O 7. a3 Bxc3 8. Bxc3 dxc4 9. e3 Ne4 10. Qxc4 Qd5 11.
Rc1 Bd7 12. Nd2 Nxc3 13. Rxc3 Qxc4 14. Nxc4 Rac8 15. Be2 Ne7 16. Ne5 Ba4 17. Bf3 c6 18. Nd7 Rfd8 19. Nc5 Bb5 20. Nxb7 Rd7 21. Nc5 Rdc7 22.
a4 1-0

[Event "Early-Titled-Tuesday-Blitz-August-29-2023"]
[Site "Chess.com"]
[Date "2023.08.29"]
[Round "1"]
[White "Karina_Ivanova"]
[Black "Hamisandwich"]
[Result "1-0"]
[WhiteElo "2309"]
[BlackElo "2605"]
[TimeControl "180+1"]
[EndTime "8:03:22 PDT"]
[Termination "Karina_Ivanova won by resignation"]

1. Nf3 f5 2. g3 Nf6 3. Bg2 e6 4. d4 d5 5. Bf4 Bd6 6. Bxd6 Qxd6 7. O-O Nbd7 8. Nbd2 c5 9. c4 cxd4 10. Nxd4 Qb6 11. e3 O-O 12. cxd5 Nxd5 13. Nc4 Qb4 14. Nxe6 N5f6 15. Nxf8 Qxc4 16. Nxd7 Bxd7 17. Qb3 1-0

[Event "Early-Titled-Tuesday-Blitz-August-29-2023"]
[Site "Chess.com"]
[Date "2023.08.29"]
[Round "1"]
[White "MetiForce"]
[Black "LeoLV10"]
[Result "1-0"]
[WhiteElo "2911"]
[BlackElo "2486"]
[TimeControl "180+1"]
[EndTime "8:03:36 PDT"]
[Termination "MetiForce won by resignation"]

1. d4 Nf6 2. c4 e6 3. g3 Be7 4.
Bg2 O-O 5. Nf3 d5 6. O-O c6 7. Qc2 Nbd7 8. Nbd2 Re8 9. e4 dxe4 10.
Nxe4 Nxe4 11. Qxe4 Nf6 12. Qc2 Bd7 13. b3 Qb6 14. Bb2 Rad8 15. Ne5 c5 16. d5 exd5 17.
cxd5 Qc7 18. a4 Qc8 19. Rad1 Bf5 20. Qc1 Bd6 21. Nc4 Bf8 22. Bxf6 gxf6 23. Qf4 Bg7 24. Nd6 Rxd6 25. Qxd6 b6 26. Qf4 Bc2 27. Rd2 Bxb3 28. d6 Bxa4 29. Qxa4 Rd8 30. d7 Qc7 31. Re1 f5 32.
Re8+ Bf8 33. Qh4 f6 1-0

[Event "Early-Titled-Tuesday-Blitz-August-29-2023"]
[Site "Chess.com"]
[Date "2023.08.29"]
[Round "1"]
[White "AniJak"]
[Black "GAZZAN_3000"]
[Result "0-1"]
[WhiteElo "2348"]
[BlackElo "2665"]
[TimeControl "180+1"]
[EndTime "8:03:51 PDT"]
[Termination "GAZZAN_3000 won by resignation"]

1. e4 d6 2. d4 Nf6 3. Nc3 e5 4. Nge2 Be7 5. g3 O-O 6. Bg2 c6 7. a4 Nbd7 8. O-O Re8 9. h3 Bf8 10.
Be3 exd4 11. Nxd4 Nc5 12. f3 d5 13. b4 Ncd7 14. exd5 Rxe3 15. dxc6 Rxc3 16. cxd7 Bxd7 17. Rb1 Qc7 18. a5 Rd8 19. Qe1 Ba4 20. Rb2 Rxd4 0-1

[Event "Early-Titled-Tuesday-Blitz-August-29-2023"]
[Site "Chess.com"]
[Date "2023.08.29"]
[Round "1"]
[White "VladimirKramnik"]
[Black "SHIVACalypso"]
[Result "1-0"]
[WhiteElo "2954"]
[BlackElo "2503"]
[TimeControl "180+1"]
[EndTime "8:03:54 PDT"]
[Termination "VladimirKramnik won by resignation"]

1. e4 e6 2. d4 d5 3. exd5 exd5 4. Nf3 Nf6 5. Bd3 Bd6 6. O-O O-O 7. Bg5 h6 8. Bh4 Be6 9. Nbd2 c6 10. c3 Nbd7 11. Qc2 Qc7 12. Rfe1 Rae8 13. Bg3 Bxg3 14. hxg3 Re7 15.
Nf1 Rfe8 16. Ne3 c5 17. dxc5 Nxc5 18. Nd4 Nfe4 19. Bb5 Rd8 20. Rad1 a6 21. Bf1 Bd7 22.
Nxd5 Qd6 23. Nxe7+ Qxe7 24. f3 1-0

[Event "Early-Titled-Tuesday-Blitz-August-29-2023"]
[Site "Chess.com"]
[Date "2023.08.29"]
[Round "1"]
[White "BillCoe"]
[Black "zabivol_mc"]
[Result "0-1"]
[WhiteElo "2118"]
[BlackElo "2569"]
[TimeControl "180+1"]
[EndTime "8:03:58 PDT"]
[Termination "zabivol_mc won by resignation"]

1. e4 e6 2. d4 d5 3. Nd2 c5 4. Ngf3 Nc6 5. exd5 exd5 6. dxc5 Bxc5 7. Nb3 Bb6 8. Qe2+ Nge7 9. Bg5 O-O 10. O-O-O Bf5 11. Ne5 Qd6 12. Nxc6 Nxc6 13. g3 Rac8 14. Qd2 Nb4 15.
Na1 Nxc2 16. Nxc2 Rxc2+ 17. Qxc2 Bxc2 18. Kxc2 Qg6+ 0-1

[Event "Early-Titled-Tuesday-Blitz-August-29-2023"]
[Site "Chess.com"]
[Date "2023.08.29"]
[Round "1"]
[White "pankajfm"]
[Black "gueraumasague"]
[Result "0-1"]
[WhiteElo "2104"]
[BlackElo "2559"]
[TimeControl "180+1"]
[EndTime "8:04:01 PDT"]
[Termination "gueraumasague won by resignation"]

1. e4 g6 2. d4 Nf6 3. Nc3 d5 4. e5 Ne4 5. Bd3 Nxc3 6. bxc3 c5 7. Nf3 Bg7 8. O-O O-O 9. Ba3 cxd4 10. cxd4 Qa5 11. Bxe7 Re8 12. Bf6 Bg4 13. Bxg7 Kxg7 14. h3 Bxf3 15. Qxf3 Nc6 16. Qf6+ Kg8 17. f4 Qc3 18.
Rab1 b6 19. Bb5 Re6 20. Qg5 Nxd4 21. f5 Rxe5 22. Rb3 Nxb3 0-1

[Event "Early-Titled-Tuesday-Blitz-August-29-2023"]
[Site "Chess.com"]
[Date "2023.08.29"]
[Round "1"]
[White "stoleriu"]
[Black "Inepton_Fermion"]
[Result "0-1"]
[WhiteElo "2654"]
[BlackElo "2376"]
[TimeControl "180+1"]
[EndTime "8:04:02 PDT"]
[Termination "Inepton_Fermion won by resignation"]

1. e4 c5 2. Nc3 Nc6 3. Bb5 Nd4 4. Bc4 a6 5. d3 b5 6. Bxf7+ Kxf7 7. Qh5+ g6 8. Qd5+ e6 9. Qxa8 Nxc2+ 10. Kd1 Nxa1 11.
Nf3 Be7 12. Ne5+ Kg7 13. f4 Nf6 14. b3 Qc7 15. Bb2 Bb7 16. Qa7 Ra8 17. Qxa8 Bxa8 18. Bxa1 d6 19. Nf3 Kg8 20. Ng5 Qd7 21. Kc2 h6 22. Nf3 c4 23. Re1 cxd3+ 24. Kxd3 b4 0-1

[Event "Early-Titled-Tuesday-Blitz-August-29-2023"]
[Site "Chess.com"]
[Date "2023.08.29"]
[Round "1"]
[White "Zhigalko_Sergei"]
[Black "ErikRonka"]
[Result "1-0"]
[WhiteElo "2935"]
[BlackElo "2496"]
[TimeControl "180+1"]
[EndTime "8:04:10 PDT"]
[Termination "Zhigalko_Sergei won on time"]

1. e4 c5 2. Nf3 e6 3. c3 Nf6 4. e5 Nd5 5. Bc4 d6 6. d4 cxd4 7. cxd4 Be7 8. O-O O-O 9. Bd2 Nc6 10. Nc3 Nb6 11. Bb3 Na5 12. Bc2 dxe5 13. dxe5 Nac4 14. Qe2 Nxd2 15. Nxd2 Bd7 16. Nde4 Bc6 17. Rad1 Qc7 18. Nf6+ gxf6 19. Bxh7+ Kxh7 20. Qh5+ Kg7 21. Qg4+ Kh7 22.
Rd3 1-0

[Event "Early-Titled-Tuesday-Blitz-August-29-2023"]
[Site "Chess.com"]
[Date "2023.08.29"]
[Round "1"]
[White "mistrzemi"]
[Black "Dedic8"]
[Result "0-1"]
[WhiteElo "2441"]
[BlackElo "2824"]
[TimeControl "180+1"]
[EndTime "8:04:12 PDT"]
[Termination "Dedic8 won by resignation"]

1. e4 e5 2. Nf3 Nc6 3. Bc4 Nf6 4. d3 Bc5 5. O-O d6 6. Re1 O-O 7. c3 a5 8. a4 Ba7 9. Nbd2 Ng4 10. Re2 Kh8 11.
h3 Nh6 12. Nf1 f5 13. Bg5 Qe8 14. Ne3 Bxe3 15. Bxe3 f4 16. Bc1 Qh5 17. Nh2 Bxh3 18. gxh3 f3 19. Re3 Qg6+ 20. Kf1 Qg2+ 21. Ke1 Qxh2 22. Kd2 Qxf2+ 0-1

[Event "Early-Titled-Tuesday-Blitz-August-29-2023"]
[Site "Chess.com"]
[Date "2023.08.29"]
[Round "1"]
[White "Agibileg"]
[Black "RAMBO1STBLOOD"]
[Result "1-0"]
[WhiteElo "2608"]
[BlackElo "2263"]
[TimeControl "180+1"]
[EndTime "8:04:16 PDT"]
[Termination "Agibileg won by resignation"]

1. d4 f5 2. g3 Nf6 3. Bg2 d6 4.
Nf3 g6 5. O-O Bg7 6. c4 O-O 7.
Nc3 Qe8 8. b3 e5 9. Nb5 Na6 10.
dxe5 dxe5 11. Ba3 Rf7 12. Qc2 e4 13. Ng5 Rd7 14. Rad1 h6 15. Nh3 g5 16. f3 exf3 17. exf3 Rxd1 18. Rxd1 Be6 19. f4 g4 20. Nf2 Rb8 21.
Re1 Qf7 22. Bb2 Nb4 23. Qd2 Nc6 24. Bxf6 Bxf6 25. Rxe6 1-0

[Event "Early-Titled-Tuesday-Blitz-August-29-2023"]
[Site "Chess.com"]
[Date "2023.08.29"]
[Round "1"]
[White "ChessArchitect64"]
[Black "Chessdreamer2020"]
[Result "0-1"]
[WhiteElo "2229"]
[BlackElo "2599"]
[TimeControl "180+1"]
[EndTime "8:04:21 PDT"]
[Termination "Chessdreamer2020 won by checkmate"]

1. c4 d6 2. e3 e5 3. Nc3 Nd7 4. d3 g6 5. Nf3 Bg7 6. Be2 Ne7 7. O-O O-O 8. Rb1 f5 9. Qc2 a5 10.
a3 h6 11. b4 axb4 12. axb4 g5 13. Bb2 Ng6 14. Nd5 c6 15. Nc3 g4 16. Nd2 h5 17. b5 Nc5 18. d4 exd4 19. exd4 Bxd4 20. Nb3 Nxb3 21. Qxb3 Nf4 22. Rbd1 Bxc3 23. Bxc3 Nxe2+ 24. Kh1 Nxc3 25. Qxc3 Qf6 26. Qd2 Be6 27. Qf4 d5 28. c5 Rfe8 29. Rfe1 Bf7 30. b6 Kg7 31. Qc7 Rxe1+ 32. Rxe1 Ra1 33. Rg1 Rxg1+ 34. Kxg1 Qa1# 0-1

[Event "Early-Titled-Tuesday-Blitz-August-29-2023"]
[Site "Chess.com"]
[Date "2023.08.29"]
[Round "1"]
[White "Henryk_S"]
[Black "Doomfist26"]
[Result "0-1"]
[WhiteElo "2125"]
[BlackElo "2563"]
[TimeControl "180+1"]
[EndTime "8:04:23 PDT"]
[Termination "Doomfist26 won by resignation"]

1. e4 c5 2. Nf3 d6 3. c3 Nf6 4. h3 g6 5. Bb5+ Bd7 6. Bxd7+ Nbxd7 7. d3 Bg7 8. O-O O-O 9. Be3 Rc8 10. Nbd2 b5 11.
a4 a6 12. axb5 axb5 13. Qb3 Qb6 14. Ra2 Qc6 15. Rfa1 c4 16. Qc2 cxd3 17. Qxd3 d5 18. e5 Ne4 19. Ra6 Ndc5 20. Bxc5 Nxc5 21. Qe2 Nxa6 0-1

[Event "Early-Titled-Tuesday-Blitz-August-29-2023"]
[Site "Chess.com"]
[Date "2023.08.29"]
[Round "1"]
[White "NovikovaGalina"]
[Black "fastestmindalive"]
[Result "0-1"]
[WhiteElo "2400"]
[BlackElo "2721"]
[TimeControl "180+1"]
[EndTime "8:04:28 PDT"]
[Termination "fastestmindalive won by resignation"]

1. e4 c5 2. Nf3 d6 3. d4 cxd4 4. Nxd4 Nf6 5. Nc3 Nc6 6. Rg1 e5 7. Nb3 Be6 8. g4 d5 9. g5 Nxe4 10. Nxe4 dxe4 11. Qxd8+ Rxd8 12. Bd2 Nd4 13. O-O-O Nf3 14.
Rh1 Nxd2 15. Rxd2 Rxd2 16. Kxd2 Be7 17. Bb5+ Kd8 18. h4 h6 19. gxh6 Rxh6 20. h5 Bg5+ 21. Kc3 b6 22. Nd2 Bxd2+ 23. Kxd2 Bg4 24. Ke3 Rxh5 25. Rg1 f5 26. a4 a5 27. Rc1 Rh3+ 28.
Kd2 Kc7 29. c4 Kd6 30. Kc2 Kc5 31. Bd7 e3 32. fxe3 Rxe3 33. Kb1 e4 34. Rf1 Rf3 35. Rh1 Rd3 0-1

[Event "Early-Titled-Tuesday-Blitz-August-29-2023"]
[Site "Chess.com"]
[Date "2023.08.29"]
[Round "1"]
[White "Jojo_898"]
[Black "Aygehovit1992"]
[Result "0-1"]
[WhiteElo "2414"]
[BlackElo "2750"]
[TimeControl "180+1"]
[EndTime "8:04:32 PDT"]
[Termination "Aygehovit1992 won by resignation"]

1. e4 c5 2. Nf3 d6 3. c3 Nf6 4. Bd3 Bg4 5. h3 Bh5 6. O-O Nc6 7. Be2 Nxe4 8. d4 cxd4 9. cxd4 d5 10. Nc3 Nxc3 11.
bxc3 e6 12. Rb1 Qc7 13. c4 dxc4 14. Bxc4 Rd8 15. d5 exd5 16. Re1+ Be7 17. Bxd5 O-O 18. Qb3 Na5 19. Qb5 a6 20. Qd3 Bg6 21. Qe2 0-1

[Event "Early-Titled-Tuesday-Blitz-August-29-2023"]
[Site "Chess.com"]
[Date "2023.08.29"]
[Round "1"]
[White "wild3000"]
[Black "RandomNoob04"]
[Result "0-1"]
[WhiteElo "2337"]
[BlackElo "2653"]
[TimeControl "180+1"]
[EndTime "8:04:32 PDT"]
[Termination "RandomNoob04 won on time"]

1. e4 e5 2. Nf3 Nf6 3. Nc3 Bc5 4. h3 d6 5. Bc4 O-O 6. d3 h6 7. Na4 Bb6 8. Nxb6 axb6 9. O-O Be6 10. Bxe6 fxe6 11. Nh2 d5 12. Qe2 Nc6 13. exd5 exd5 14.
c3 Qd6 15. Ng4 Nxg4 16. Qxg4 Rf6 17. a3 Raf8 18. Qg3 Rg6 19. Qh2 Qf6 0-1

[Event "Early-Titled-Tuesday-Blitz-August-29-2023"]
[Site "Chess.com"]
[Date "2023.08.29"]
[Round "1"]
[White "assezde36"]
[Black "Mmukka"]
[Result "1-0"]
[WhiteElo "2819"]
[BlackElo "2438"]
[TimeControl "180+1"]
[EndTime "8:04:43 PDT"]
[Termination "assezde36 won by resignation"]

1. e4 c5 2. Nc3 a6 3. g3 b5 4. Bg2 Bb7 5. Nge2 e6 6. d4 cxd4 7.
Nxd4 Nf6 8. O-O Be7 9. e5 Nd5 10.
Nxd5 exd5 11. Qg4 g6 12. Bh6 Qb6 13. Rad1 Nc6 14. Bxd5 Nxd4 15. Rxd4 O-O-O 16. Rfd1 Bxd5 17. Rxd5 Bc5 18. Rxd7 Kb8 19. Qf4 Rxd7 20. Rxd7 Qe6 21. Qxf7 Qxf7 22. Rxf7 Re8 23. Rxh7 Ka8 24. Bg7 Re7 25.
Rh8+ Kb7 26. Bf6 Rd7 27. Rd8 1-0

[Event "Early-Titled-Tuesday-Blitz-August-29-2023"]
[Site "Chess.com"]
[Date "2023.08.29"]
[Round "1"]
[White "Sunny_Star"]
[Black "ejam94"]
[Result "0-1"]
[WhiteElo "2080"]
[BlackElo "2549"]
[TimeControl "180+1"]
[EndTime "8:04:43 PDT"]
[Termination "ejam94 won on time"]

1. e4 c5 2. Nf3 Nc6 3. d4 cxd4 4.
Nxd4 Nf6 5. Nc3 d6 6. Bg5 e6 7. Qd2 Be7 8. Nb3 h6 9. Bf4 O-O 10. O-O-O e5 11. Be3 a5 12. a4 Be6 13. f3 Nb4 14. Kb1 Rc8 15. g4 d5 16. exd5 Nfxd5 17. Nxd5 Nxd5 18. Bf2 Qc7 0-1

[Event "Early-Titled-Tuesday-Blitz-August-29-2023"]
[Site "Chess.com"]
[Date "2023.08.29"]
[Round "1"]
[White "FairChess_on_YouTube"]
[Black "Cheer_Down"]
[Result "1-0"]
[WhiteElo "3053"]
[BlackElo "2528"]
[TimeControl "180+1"]
[EndTime "8:04:45 PDT"]
[Termination "FairChess_on_YouTube won by resignation"]

1. d4 d5 2. Nf3 Nf6 3. c4 e6 4.
Bg5 Nbd7 5. e3 h6 6. Bh4 Be7 7.
Nc3 O-O 8. Rc1 c5 9. dxc5 Nxc5 10. cxd5 Nxd5 11. Nxd5 exd5 12. Rxc5 Bxh4 13. Rxd5 Qf6 14.
Nxh4 Qxh4 15. Qd4 Qe7 16. Bd3 Be6 17. Re5 Rfd8 18. Qe4 Qf6 19. O-O Rxd3 20. Rxe6 Qxe6 21. Qxd3 Qxa2 22. Qb5 b6 23. Rd1 Rc8 24. g3 Qe6 25.
h4 Qc6 26. Rd8+ Kh7 27. Qf5+ 1-0

[Event "Early-Titled-Tuesday-Blitz-August-29-2023"]
[Site "Chess.com"]
[Date "2023.08.29"]
[Round "1"]
[White "ShiroglanTalibov"]
[Black "Laico"]
[Result "1-0"]
[WhiteElo "2811"]
[BlackElo "2434"]
[TimeControl "180+1"]
[EndTime "8:04:50 PDT"]
[Termination "ShiroglanTalibov won by resignation"]

1. e4 e6 2. Qe2 e5 3. Nf3 Nc6 4. g3 Bc5 5. Bg2 Nf6 6. O-O d6 7. h3 O-O 8. d3 h6 9. Nbd2 Re8 10. c3 a5 11. Nc4 b5 12. Ne3 Ba6 13. Nh4 b4 14.
Nhf5 Rb8 15. Ng4 bxc3 16. bxc3 d5 17. exd5 Nxd5 18. Ngxh6+ Kf8 19. Nxg7 Nxc3 20. Qh5 Kxg7 21. Nf5+ 1-0

[Event "Early-Titled-Tuesday-Blitz-August-29-2023"]
[Site "Chess.com"]
[Date "2023.08.29"]
[Round "1"]
[White "DenLaz"]
[Black "Bilan_Danila"]
[Result "1-0"]
[WhiteElo "3047"]
[BlackElo "2520"]
[TimeControl "180+1"]
[EndTime "8:04:51 PDT"]
[Termination "DenLaz won on time"]

1. d4 d5 2. c4 c6 3. Nf3 Nf6 4. Qc2 g6 5. cxd5 cxd5 6. Bf4 Nc6 7. Nc3 Bf5 8. Qb3 Na5 9. Qa4+ Bd7 10. Qc2 Bf5 11. e4 dxe4 12. Bb5+ Bd7 13. Ne5 a6 14. Nxd7 Nxd7 15. Nd5 Bg7 16. Nc7+ Kf8 17. Bxd7 Qxd7 18. Nxa8 Bxd4 19. Rd1 e5 20. Bxe5 1-0

[Event "Early-Titled-Tuesday-Blitz-August-29-2023"]
[Site "Chess.com"]
[Date "2023.08.29"]
[Round "1"]
[White "2k28Lakers"]
[Black "igorkovalenko"]
[Result "0-1"]
[WhiteElo "2504"]
[BlackElo "2960"]
[TimeControl "180+1"]
[EndTime "8:04:52 PDT"]
[Termination "igorkovalenko won by resignation"]

1. e4 c5 2. c3 Nf6 3. e5 Nd5 4. Nf3 d6 5. d4 cxd4 6. Bc4 Nb6 7. Bb3 Nc6 8. exd6 Qxd6 9. O-O Bg4 10. Bxf7+ Kxf7 11. Ng5+ Kg8 12. Qxg4 e5 13. Ne4 Qg6 14. Qxg6 hxg6 15. cxd4 exd4 16. Bf4 Rh5 17. Nbd2 Rd8 18. Rac1 Rd7 19. a3 a5 20. Bg3 Rb5 21. b3 Bxa3 22.
Rcd1 Nd5 23. Rfe1 Bb4 24. Ng5 Re7 25. Rxe7 Ndxe7 26. Ndf3 Bc3 27. h4 Nf5 28. Ne4 Rxb3 29. Be5 Nxe5 30. Nxe5 Nxh4 31. Nxc3 dxc3 32. Rd8+ Kh7 33.
Nf7 g5 34. Rh8+ Kg6 35. Ne5+ Kf5 36. Nc4 a4 37. Rf8+ Ke6 38. Ra8 c2 0-1

[Event "Early-Titled-Tuesday-Blitz-August-29-2023"]
[Site "Chess.com"]
[Date "2023.08.29"]
[Round "1"]
[White "Arteler"]
[Black "Speshka"]
[Result "0-1"]
[WhiteElo "2198"]
[BlackElo "2581"]
[TimeControl "180+1"]
[EndTime "8:04:52 PDT"]
[Termination "Speshka won on time"]

1. e4 c5 2. Nf3 a6 3. c3 d5 4.
exd5 Qxd5 5. d4 e6 6. Be3 cxd4 7.
Nxd4 e5 8. Nf3 Qxd1+ 9. Kxd1 Bg4 10. Be2 Nc6 11. Nbd2 Nf6 12. h3 Bf5 13. Nc4 O-O-O+ 14. Ke1 Nd5 15. Nfxe5 Nxe5 16. Nxe5 Nxe3 17. fxe3 Bd6 18. Nxf7 Bg3+ 19. Kf1 Rdf8 20. Nxh8 Bd3+ 21. Kg1 Bxe2 22. h4 Bf2+ 23. Kh2 Rxh8 24. Rac1 Re8 25. Rc2 Rxe3 26. b3 Bg3+ 27. Kh3 Be5+ 0-1

[Event "Early-Titled-Tuesday-Blitz-August-29-2023"]
[Site "Chess.com"]
[Date "2023.08.29"]
[Round "1"]
[White "thedjoker98"]
[Black "Dewarfd"]
[Result "1-0"]
[WhiteElo "2583"]
[BlackElo "2206"]
[TimeControl "180+1"]
[EndTime "8:04:56 PDT"]
[Termination "thedjoker98 won by resignation"]

1. d4 d5 2. c4 e6 3. Nc3 c5 4. cxd5 exd5 5. Nf3 Nc6 6. g3 Nf6 7. Bg2 Be7 8. O-O O-O 9. Bg5 c4 10. Ne5 Be6 11. Nxc6 bxc6 12. b3 cxb3 13. axb3 h6 14.
Bd2 Qb6 15. e3 Rfb8 16. Rb1 Bf5 17. Rb2 Ba3 18. Na4 Qb5 19. Ra2 Qxb3 20. Qxb3 Rxb3 21. Rfa1 Bd6 22. Nc5 Bxc5 23. dxc5 Rb7 24. Bc3 Ne4 25.
Bd4 Be6 26. Ra6 Bd7 27. h4 g5 28. hxg5 hxg5 29. Bf3 g4 30. Be2 f5 31. Kg2 Kf7 32. Rh1 Kg6 33. Rh4 Rb1 34. Bd3 Ng5 35. Bxb1 Nf3 36.
Rxg4+ Kh5 37. Rg7 1-0

[Event "Early-Titled-Tuesday-Blitz-August-29-2023"]
[Site "Chess.com"]
[Date "2023.08.29"]
[Round "1"]
[White "YellowJacek"]
[Black "Ajedrez_con_German"]
[Result "1-0"]
[WhiteElo "2369"]
[BlackElo "2650"]
[TimeControl "180+1"]
[EndTime "8:04:58 PDT"]
[Termination "YellowJacek won by resignation"]

1. e4 d5 2. exd5 Qxd5 3. Nc3 Qd8 4. d4 Nf6 5. Bc4 e6 6. Nf3 Be7 7. Bg5 O-O 8. Qe2 b6 9. O-O-O Bb7 10. Ne5 Nbd7 11.
h4 c6 12. Kb1 Nd5 13. Nxd5 cxd5 14. Bd3 Nxe5 15. dxe5 a5 16. Rh3 g6 17. Bh6 Re8 18.
h5 Bg5 19. hxg6 hxg6 20. Rdh1 Bxh6 21. Rxh6 Kf8 22. Bxg6 Qg5 23. Bxf7 Kxf7 24. Rh7+ Kg6 25. Qd3+ Qf5 26. R1h6+ Kg5 1-0